 Dungeon Crawl Stone Soup version 0.17-a0-1528-gfee3901 (webtiles) character file.

53 TheHolyPigeon the Gusty (level 3, 0/16 HPs)
             Began as a Vine Stalker Air Elementalist on July 15, 2015.
             Slain by Sigmund
             ... wielding a +0 scythe
              (8 damage)
             ... on level 2 of the Dungeon.
             The game lasted 00:06:52 (1226 turns).

TheHolyPigeon the Gusty (VSAE)                      Turns: 1226, Time: 00:06:52

Health: 0/16       AC:  2    Str: 10    XL:     3   Next: 87%
Magic:  0/8        EV: 12    Int: 16    God:
Gold:   35         SH:  0    Dex: 14    Spells: 1 memorised, 6 levels left

rFire  . . .     SeeInvis .     (no weapon)
rCold  . . .     Clarity  .     a - +0 robe
rNeg   . . .     SustAt   .     (no shield)
rPois  .         Gourm    .     (no helmet)
rElec  .         Spirit   +     (no cloak)
rCorr  .         Warding  .     (no gloves)
rMut   .         Stasis   .     (no boots)
MR     .....                    (no amulet)
Stlth  ++........               (no ring)
                                (no ring)

@: not resistant to hostile enchantments, unstealthy
A: fangs 2, regeneration 1, magic shield, antimagic bite, no device heal 3, rot
immunity
a: no special abilities


You were on level 2 of the Dungeon.
You were not hungry.

You visited 1 branch of the dungeon, and saw 3 of its levels.

You collected 35 gold pieces.

Inventory:

Armour
 a - a +0 robe (worn)
Jewellery
 e - an uncursed ring of protection from magic {unknown}
 f - a +1 ring of protection {unknown}
Scrolls
 h - 2 scrolls of remove curse {unknown}
 i - a scroll of amnesia {unknown}
Potions
 d - a potion of beneficial mutation {unknown}
 g - a potion of might {unknown}
 j - a potion of resistance {unknown}
Books
 b - a book of Air

   Spells                             Type                      Level
   a - Shock                          Conjuration/Air              1
   b - Swiftness                      Charms/Air                   2
   c - Repel Missiles                 Charms/Air                   2
   d - Static Discharge               Conjuration/Air              3
   e - Lightning Bolt                 Conjuration/Air              5
Comestibles
 c - a bread ration
 k - 3 fruits


   Skills:
 + Level 2.0 Dodging
 + Level 2.7 Stealth
 + Level 0.2 Unarmed Combat
 + Level 2.9 Spellcasting
 + Level 1.7 Conjurations
 + Level 3.3 Air Magic


You had 6 spell levels left.
You knew the following spells:

 Your Spells              Type           Power        Failure   Level  Hunger
a - Shock                 Conj/Air       ##..         10%         1    #......


Dungeon Overview and Level Annotations

Branches:
Dungeon (3/15)

Altars:

Annotations:
D:2 Sigmund


Innate Abilities, Weirdness & Mutations

You have extremely sharp teeth.
Your natural rate of healing is unusually fast.
When hurt, damage is shared between your health and your magic reserves.
Your bite disrupts and absorbs the magic of your enemies.
Potions and wands cannot restore your health.
You are immune to rotting.


Message History

Casting: Shock
Confirm with . or Enter, or press ? or * to list all spells.
You don't have enough magic to cast that spell.
Unknown command.
You hit the adder but do no damage. You bite the adder, but do no damage.
The adder is severely wounded.
The adder barely misses you.
You hit the adder but do no damage.
The adder is severely wounded.
The adder closely misses you. The adder bites you but does no damage.
Casting: Shock
Confirm with . or Enter, or press ? or * to list all spells.
Aiming: Shock
Press: ? - help, Shift-Dir - straight line, f/p - adder
Aim: an adder (severely wounded)
The zap hits the adder.
You kill the adder!
Something hits you!
Ouch! That really hurt!
You die...

# #.# #.# # #.#
#.# # #.# #.# #
#.# #.###
#.###...#
#.....#.########
#...###..)).†..#
#8...8#########.#
##...## #@# #...#
#.# ##...# #.#
#8...8 #.#
##...#### ### #.#
8##...##8###8###)#
.../.............#
....⌠..........###
...............#


There were no monsters in sight!

Vanquished Creatures
  An adder (D:2)
  A giant gecko (D:2)
  5 goblins
  5 hobgoblins
  4 kobolds (D:1)
  A quokka (D:2)
  4 bats (D:1)
  2 giant cockroaches (D:1)
  4 giant newts (D:1)
  9 jackals (D:1)
  4 rats (D:1)
40 creatures vanquished.

Notes
Turn   | Place    | Note
--------------------------------------------------------------
     0 | D:1      | TheHolyPigeon the Vine Stalker Air Elementalist began the quest for the Orb.
     0 | D:1      | Reached XP level 1. HP: 9/9 MP: 4/4
   188 | D:1      | Reached XP level 2. HP: 13/13 MP: 3/6
   634 | D:1      | Reached XP level 3. HP: 16/16 MP: 5/7
  1197 | D:2      | Noticed Sigmund
  1226 | D:2      | Slain by Sigmund

Vault maps used:
D:1:      dpeg_arrival_oval
D:2:      serial_corexii_hall, corexii_hall_statues_t, corexii_hall_statues_x,
          corexii_hall_statues_x, corexii_hall_statues_s, trog_hazing_becter,
          uniq_jessica, uniq_sigmund, uniq_iyjb
D:3:      makhleb_heckhound_becter, ecumenical_altar_2, st_stairs_11,
          amethyst_killhole, tgw_xom

Action                   || total
-------------------------++-------
Melee: Unarmed           ||    22
 Cast: Shock             ||    72
  Eat: Beef jerky        ||     1
